 Dungeon Crawl Stone Soup version 0.25-a0-528-g6b7c99946c (webtiles) character file.

Game seed: 7101516102895945579, levelgen mode: deterministic

47 Esekla the Magician (level 3, -4/19 HPs)
             Began as a Deep Elf Wizard on Feb 19, 2020.
             Slain by an orc wizard
             ... wielding a +0 dagger
              (5 damage)
             ... on level 2 of the Dungeon.
             The game lasted 00:12:32 (2430 turns).

Esekla the Magician (Deep Elf Wizard)               Turns: 2430, Time: 00:12:32

Health: -4/19      AC:  2    Str:  5    XL:     3   Next: 48%
Magic:  10/12      EV: 13    Int: 22    God:
Gold:   153        SH:  0    Dex: 13    Spells: 4/13 levels left

rFire    . . .     SeeInvis .   f - +0 short sword
rCold    . . .     Gourm    +   (no shield)
rNeg     . . .     Faith    .   a - +0 robe
rPois    .         Spirit   .   b - +0 hat
rElec    .         Reflect  .   (no cloak)
rCorr    .         Harm     .   (no gloves)
MR       .....                  (no boots)
Stlth    +.........             o - amulet of the gourmand
HPRegen  0.06/turn              (no ring)
MPRegen  0.13/turn              (no ring)

@: confused
A: no striking features
a: no special abilities


You were on level 2 of the Dungeon.
You were near starving.

You visited 1 branch of the dungeon, and saw 3 of its levels.

You collected 153 gold pieces.

Inventory:

Hand Weapons
 f - a +0 short sword (weapon)
 j - a +0 spear
Missiles
 i - 13 poisoned darts (quivered)
Armour
 a - a +0 robe (worn)
 b - a +0 hat (worn)
Jewellery
 o - an amulet of the gourmand (around neck)
Wands
 l - a wand of random effects (20)
Scrolls
 c - a scroll of blinking {unknown}
 e - 5 scrolls of identify
 g - 4 scrolls of teleportation {unknown}
 h - a scroll of amnesia {unknown}
 k - 2 scrolls of enchant armour {unknown}
 n - a scroll of fog {unknown}
 p - 2 scrolls of fear {unknown}
Potions
 m - a potion of brilliance
 q - 2 potions of resistance {unknown}
 r - a potion of mutation {unknown}
Comestibles
 d - 4 rations


   Skills:
 + Level 0.5 Short Blades
 * Level 2.6 Dodging
 - Level 2.4 Stealth
 * Level 5.6 Spellcasting
 * Level 1.5 Conjurations
   Level 1.1 Summonings
 * Level 1.4 Translocations
 * Level 0.1 Air Magic
 * Level 0.1 Poison Magic


You had 4 spell levels left.
You knew the following spells:

 Your Spells              Type           Power        Failure   Level  Hunger
a - Magic Dart            Conj           ##..         4%          1    None
b - Blink                 Tloc           N/A          8%          2    None
c - Mephitic Cloud        Conj/Pois/Air  #.......     22%         3    ##.....
f - Conjure Flame         Conj/Fire      #.......     21%         3    ##.....

Your spell library contained the following spells:

 Spells                   Type           Power        Failure   Level  Hunger
 Call Imp                 Summ           ##......     9%          2    None
 Slow                     Hex            #.......     14%         2    None


Dungeon Overview and Level Annotations

Branches:
Dungeon (3/15)

Altars:
Xom

Annotations:
D:3 Terence


Message History

Deactivating autopickup; reactivate with Ctrl-A.
You see here a leather armour.
The orc shouts!
You hit the orc priest.
The orc priest is lightly wounded.
The orc priest closely misses you. The orc hits you. Something hits you.
You see here a leather armour.
You hear some strange, mumbled words.
You are more confused.
The orc barely misses you.
You closely miss the orc.
You hear some strange, mumbled words.
Something tries to affect you, but you resist.
The orc hits you but does no damage. Something hits you.
You miss something. The orc hits you. Something hits you.
You miss the orc. The orc hits you.
* * * LOW HITPOINT WARNING * * *
Something hits you.
You die...

#.# #........#######'#### #.#
#........#..........# #.#
#........#......†...# #.#
####........#..........## #.#
#..'.o......#............. #.#
#.##............b......... #.#
#..'.....[w..[............
###.#######.....{o######.........
................@......#.#.......
...).#################.#.#.......
.....# #.#......
.....############ #.# .....
.....'..........# #.#


o.oo .....##########.# #.# ..o. .....# #.# .....# #.# .....# #.# You could see
an orc priest (confused), a dart slug and an orc.

Vanquished Creatures
  2 dart slugs (D:1)
  2 leopard geckos
  An orc (D:2)
  A ball python (D:1)
  5 giant cockroaches
  3 goblins
  4 hobgoblins
  4 kobolds (D:1)
  A quokka (D:2)
  7 bats
  2 frilled lizards
  7 rats
39 creatures vanquished.

Notes
Turn   | Place    | Note
-------+----------+-------------------------------------------
     0 | D:1      | Esekla the Deep Elf Wizard began the quest for the Orb.
     0 | D:1      | Reached XP level 1. HP: 10/10 MP: 7/7
   508 | D:1      | Reached skill level 5 in Spellcasting
   542 | D:1      | Reached XP level 2. HP: 15/15 MP: 6/10
   546 | D:1      | Learned a level 2 spell: Blink
  1011 | D:1      | Reached XP level 3. HP: 7/19 MP: 4/11
  1403 | D:2      | Found a shimmering altar of Xom.
  1848 | D:2      | Learned a level 3 spell: Mephitic Cloud
  1852 | D:2      | Learned a level 3 spell: Conjure Flame
  2166 | D:3      | Noticed Terence
  2430 | D:2      | Slain by an orc wizard

Levels and vault maps discovered:
D:1:      dpeg_arrival_simpleton_c, layout_loops_ring, serial_rivers,
          chequers_serial_rivers_room_b, chequers_serial_rivers_micro_a,
          chequers_serial_rivers_small_3, chequers_serial_rivers_micro_e,
          chequers_serial_rivers_micro_a, chequers_serial_rivers_micro_a,
          kennysheep_pointless_box, minivault_24, minmay_pentomino_r4
D:2:      cheibrodos_pilgrimage, layout_basic, xom_butterflies
D:3:      layout_rooms, kennysheep_ying_yang, uniq_grinder, uniq_terence

Skill      XL: |  1 |
---------------+----+-----
Spellcasting   | 5 |  5.6
Short Blades   | |  0.5
Dodging        | |  2.6
Stealth        | |  2.4
Conjurations   | |  1.5
Summonings     | |  1.1
Translocations | |  1.4
Air Magic      | |  0.1
Poison Magic   | |  0.1

Action                   || total
-------------------------++-------
Melee: Short sword       ||    42
 Cast: Magic Dart        ||    86
       Conjure Flame     ||     1
       Mephitic Cloud    ||     1
  Use: Scroll            ||     1
 Stab: Sleeping          ||     3
  Eat: Chunk             ||     3
Armor: Robe              ||    14
Dodge: Dodged            ||    49

Table legend:
 A = Non-vault XP
 B = Vault XP
 C = Vault XP percentage of total XP
 D = Non-vault monster count
 E = Vault monster count
 F = Vault count percentage of total count
                 A         B        C        D         E       F
            +---------+---------+-------+---------+---------+-------
      Total |      60 |       8 |  11.8 |      34 |       5 |  12.8
            +---------+---------+-------+---------+---------+-------
        D:1 |      37 |       5 |  11.9 |      20 |       4 |  16.7
        D:2 |      16 |       3 |  15.8 |      10 |       1 |   9.1
        D:3 |       7 |       0 |   0.0 |       4 |       0 |   0.0
            +---------+---------+-------+---------+---------+-------
